 Dungeon Crawl Stone Soup version 0.30.1-9-gdf580d7c3d (webtiles) character file.

Game seed: 7610996122084736471

48 LynnLen the Vexing (level 3, -1/16 HPs)
             Began as a Spriggan Enchanter on Oct 14, 2023.
             Slain by a worm (8 damage)
             ... on level 2 of the Dungeon.
             The game lasted 00:08:10 (1502 turns).

LynnLen the Vexing (Spriggan Enchanter)             Turns: 1502, Time: 00:08:11

Health: -1/16      AC:  2    Str:  4    XL:     3   Next: 50%
Magic:  3/9        EV: 17    Int: 18    God:
Gold:   37         SH:  0    Dex: 15    Spells: 1/9 levels left

rFire   . . .        a - +2 dagger
rCold   + . .        (no shield)
rNeg    . . .        d - +0 robe {rC+}
rPois   .            (helmet restricted)
rElec   .            (no cloak)
rCorr   .            (gloves unavailable)
SInv    +            (boots unavailable)
Will    .....        (no amulet)
Stlth   +++          (no ring)
HPRegen 0.22/turn    (no ring)
MPRegen 0.11/turn

%: no passive effects
@: very slightly contaminated, very quick
A: very small, no large weapons, unfitting armour, see invisible, speed 3
a: no special abilities


You were on level 2 of the Dungeon.
You visited 1 branch of the dungeon, and saw 2 of its levels.

You collected 37 gold pieces.

Inventory:

Hand Weapons
 a - a +2 dagger (weapon)
Missiles
 i - 6 poisoned darts
Armour
 b - a +0 buckler
 d - a +0 robe of cold resistance (worn)
Scrolls
 f - a scroll of brand weapon {unknown}
 g - 2 scrolls of teleportation
 h - a scroll of fog
Potions
 c - 2 potions of invisibility
 e - a potion of curing {unknown}
 k - a potion of cancellation {unknown}


   Skills:
 - Level 1.1 Short Blades
 - Level 2.6 Dodging
 - Level 4.4 Stealth
 + Level 3.6 Spellcasting
 + Level 4.5 Hexes
 + Level 1.0 Ice Magic


You had one spell level left.
You knew the following spells:

 Your Spells              Type           Power      Damage    Failure   Level
a - Ensorcelled Hibernat  Hex/Ice        26%        N/A       8%          2
b - Confusing Touch       Hex            19%        N/A       7%          3
c - Tukima's Dance        Hex            19%        N/A       7%          3

Your spell library contained the following spells:

 Spells                   Type           Power      Damage    Failure   Level
 Magic Dart               Conj           12%        1d3       16%         1
 Dazzling Flash           Conj/Hex       22%        N/A       19%         3
 Call Imp                 Summ           6%         N/A       22%         2
 Gell's Gravitas          Tloc           3%         N/A       41%         3
 Mephitic Cloud           Conj/Pois/Air  3%         N/A       41%         3
 Teleport Other           Tloc           3%         N/A       41%         3
 Dispersal                Tloc           1%         N/A       100%        6


Dungeon Overview and Level Annotations

Branches:
Dungeon (2/15)

Altars:


Innate Abilities, Weirdness & Mutations

You are very small and have problems with some larger weapons.
You are too small for most types of armour.
You have supernaturally acute eyesight. (SInv)
You cover ground extremely quickly. (Speed+++)


Message History

The quokka is almost dead.
The quokka completely misses you.
You closely miss the quokka.
The quokka is almost dead.
The quokka barely misses you.
You closely miss the quokka.
The quokka is almost dead.
The quokka bites you.
You closely miss the quokka.
The quokka is almost dead.
The quokka misses you. The quokka closely misses you.
You hit the quokka.
You kill the quokka!
You barely miss the worm. You hit the worm.
The worm is lightly wounded.
The worm closely misses you.
You barely miss the worm. You hit the worm.
The worm is lightly wounded.
The worm bites you.
Aiming: Ensorcelled Hibernation (safe; 8% risk of failure)
Press: ? - help, Q - select action, (/) - cycle Shift-Dir - straight line, f - worm
Aim: a worm (chance to affect: 55%)
The worm resists with significant effort.
Aiming: Ensorcelled Hibernation (safe; 8% risk of failure)
Press: ? - help, Q - select action, (/) - cycle Shift-Dir - straight line, f/p - worm
Aim: a worm (chance to affect: 55%)
You miscast Ensorcelled Hibernation.
You are very lightly contaminated with residual magic.
Nothing appears to happen.
You see here a giant cockroach corpse.
Aiming: Ensorcelled Hibernation (safe; 8% risk of failure)
Press: ? - help, Q - select action, (/) - cycle Shift-Dir - straight line, f/p - worm
Aim: a worm (chance to affect: 55%)
The worm looks drowsy...
Unknown command.
The worm bites you!
Ouch! That really hurt!
You die...

.....###.###.#.#.#
.....##.....#.#<† #
.....######)#.### #. #.
.....# #.#.#.#
##.##.####.##.######.....#
.........................
### #..##.#.##.#####....#<.
....#.......##.#####.######
........†w@.....)..........
##$?..#.#####.#######..###
#......#####.########.###
#....#.........†...##..##
#....#.#####.......###.##
.......#.# #.......# #.##
.......... #....^..# #.##
.......... #.......# #.##
........... .######## #...


You could see a worm.

Vanquished Creatures
  A dart slug (D:1)
  3 endoplasms
  3 giant cockroaches
  5 goblins
  4 hobgoblins
  5 jackals (D:1)
  4 quokkas
  4 ball pythons (D:1)
  2 bats (D:1)
  3 frilled lizards (D:1)
  3 kobolds
37 creatures vanquished.

Notes
Turn   | Place    | Note
-------+----------+-------------------------------------------
     0 | D:1      | LynnLen the Spriggan Enchanter began the quest for the Orb.
     0 | D:1      | Reached XP level 1. HP: 9/9 MP: 5/5
   180 | D:1      | Reached XP level 2. HP: 13/13 MP: 7/7
   183 | D:1      | Learned a level 2 spell: Ensorcelled Hibernation
   656 | D:1      | Reached XP level 3. HP: 16/16 MP: 8/8
  1107 | D:2      | Learned a level 3 spell: Confusing Touch
  1111 | D:2      | Learned a level 3 spell: Tukima's Dance
  1430 | D:2      | Reached skill level 1 in Ice Magic
  1502 | D:2      | Slain by a worm

Illustrated notes

Levels and vault maps discovered:
D:1:      dpeg_arrival_solitude, layout_loops_ring, chequers_arboretum
D:2:      layout_basic

Skill      XL: |  1  2  3 |
---------------+----------+-----
Spellcasting   | 3 |  3.6
Hexes          | 4 |  4.5
Ice Magic      | 1 |  1.0
Short Blades   | |  1.1
Dodging        | |  2.6
Stealth        | |  4.4

Action                     || total
---------------------------++-------
  Melee: Dagger            ||   140
   Cast: Ensorcelled Hiber ||     3
    Use: Scroll            ||     5
   Stab: Sleeping          ||     9
 Armour: Robe              ||    11
  Dodge: Dodged            ||   118
